 Dungeon Crawl Stone Soup version 0.22.1-1-ga44c0e5 (webtiles) character file.

82380 harcile the Warrior (level 15, -6/244 HPs)
             Began as a Hill Orc Fighter on Oct 18, 2018.
             Was the Champion of the Shining One.
             Mangled by an entropy weaver (8 damage)
             ... on level 1 of the Spider Nest.
             The game lasted 01:33:43 (25611 turns).

harcile the Warrior (Hill Orc Fighter)             Turns: 25611, Time: 01:33:43

Health: -6/244     AC:  5    Str: 27    XL:     15   Next: 73%
Magic:  19/19      EV: 15    Int: 11    God:    the Shining One [******]
Gold:   1698       SH: 22    Dex: 16    Spells: 14/14 levels left

rFire    . . .     SeeInvis .   a - +5 long sword of Regicide {freeze, rN+ Int+3}
rCold    . . .     Gourm    +   j - +2 large shield {AC+3}
rNeg     + + +     Faith    .   l - +7 ring mail "Usoy" {rN+ MR- Dex+2 Slay+3}
rPois    +         Spirit   .   R - +0 helmet
rElec    .         Reflect  .   H - +1 cloak "Roicozxy" {MR+ Dex+2}
rCorr    .         Harm     .   Q - +0 pair of gloves
MR       +....     Clarity  +   L - +0 pair of boots
Stlth    ..........             N - amulet of the gourmand
HPRegen  0.50/turn              t - ring of poison resistance
MPRegen  0.16/turn              c - +3 ring of evasion

@: berserking (expiring), corroded, very slightly contaminated, glowing, very
quick
A: clarity, robust 1, shaggy fur 1, weak 1, wild magic 1
a: Divine Shield, Cleansing Flame, Summon Divine Warrior, Brand Weapon With Holy
Wrath, Renounce Religion


You were on level 1 of the Spider Nest.
You worshipped the Shining One.
The Shining One was exalted by your worship.
You were not hungry.

You visited 6 branches of the dungeon, and saw 22 of its levels.
You also visited: Ossuary and Ice Cave.

You collected 2340 gold pieces.
You spent 642 gold pieces at shops.

Inventory:

Hand Weapons
 a - the +5 long sword of Regicide (weapon) {freeze, rN+ Int+3}
   (You found it on level 11 of the Dungeon)

   It has been specially enchanted to freeze those struck by it, causing extra
   injury to most foes and up to half again as much damage against particularly
   susceptible opponents.
   It can also slow down cold-blooded creatures.
   It affects your intelligence (+3).
   It protects you from negative energy.
 b - a +3 war axe of flaming
 M - a +2 arbalest of freezing
 S - the +10 great sword of the Eel {slice, *Rage +Rage rElec MR+}
   (You bought it in a shop on level 2 of the Orcish Mines)

   It inflicts extra damage upon your enemies.
   It insulates you from electricity.
   It affects your resistance to hostile enchantments.
   It lets you go berserk.
   It may make you go berserk in combat.
 W - the +10 great mace of Odibuwuf {speed, MP+9}
   (You found it on level 10 of the Dungeon)

   Attacks with this weapon are significantly faster.
   It affects your magic capacity (+9).
Missiles
 D - 3 throwing nets (quivered)
 E - 91 bolts
 T - 8 poisoned tomahawks
Armour
 g - a +2 scale mail of poison resistance
 i - the +5 ring mail "Bissilui" {+Inv rElec rF- Str-2}
   (You found it on level 6 of the Dungeon)

   It affects your strength (-2).
   It makes you vulnerable to fire.
   It insulates you from electricity.
   It lets you turn invisible.
 j - a +2 large shield of protection (worn)
 l - the +7 ring mail "Usoy" (worn) {rN+ MR- Dex+2 Slay+3}
   (You found it on level 9 of the Dungeon)

   It affects your dexterity (+2).
   It affects your accuracy and damage with ranged weapons and melee attacks
   (+3).
   It protects you from negative energy.
   It affects your resistance to hostile enchantments.
 m - a +2 chain mail of fire resistance
 x - a +2 buckler
 H - the +1 cloak "Roicozxy" (worn) {MR+ Dex+2}
   (You found it on level 7 of the Dungeon)

   It affects your dexterity (+2).
   It affects your resistance to hostile enchantments.
 L - a +0 pair of boots (worn)
 Q - a +0 pair of gloves (worn)
 R - a +0 helmet (worn)
 U - quicksilver dragon scales
Jewellery
 c - a +3 ring of evasion (right hand)
 t - a ring of poison resistance (left hand)
 N - an amulet of the gourmand (around neck)
 O - an uncursed ring of flight
Wands
 r - a wand of flame (55)
 v - a wand of acid (13)
 y - a wand of digging (7)
 A - a wand of polymorph (15)
 K - a wand of paralysis (23)
Scrolls
 e - 17 scrolls of teleportation
 h - 9 scrolls of identify
 p - 5 scrolls of remove curse
 s - a scroll of amnesia
 w - 2 scrolls of fog
 C - a scroll of fear
 J - 4 scrolls of enchant weapon
Potions
 d - 2 potions of might
 k - 7 potions of haste
 n - 4 potions of brilliance
 o - 2 potions of flight
 q - a potion of berserk rage
 z - 4 potions of curing
 B - 4 potions of agility
 G - 3 potions of magic
 I - a potion of lignification
Miscellaneous
 u - a sack of spiders
 P - a phantom mirror
Comestibles
 f - 32 rations


   Skills:
 + Level 18.1 Fighting
 + Level 16.8 Long Blades
 + Level 5.3 Axes
 + Level 11.0 Armour
 - Level 6.0 Dodging
 - Level 2.0 Stealth
 - Level 12.0 Shields
 * Level 6.5 Evocations


You had 14 spell levels left.
You didn't know any spells.
Your spell library contained the following spells:

 Spells                   Type           Power        Failure   Level  Hunger
 Beastly Appendage        Tmut           #.....       97%         1    ##.....
 Poisonous Vapours        Pois/Air       #.....       99%         2    ###....
 Sticks to Snakes         Tmut           #.......     99%         2    ###....
 Conjure Flame            Conj/Fire      #.......     100%        3    ####...
 Mephitic Cloud           Conj/Pois/Air  #.......     100%        3    ####...
 Recall                   Summ/Tloc      N/A          100%        3    ####...
 Spider Form              Tmut/Pois      #.........   100%        3    ####...
 Animate Dead             Necr           N/A          100%        4    #####..
 Ice Form                 Ice/Tmut       #.......     100%        4    #####..
 Blade Hands              Tmut           #.........   100%        5    ######.
 Borgnjor's Vile Clutch   Necr/Erth      #.........   100%        5    ######.
 Metabolic Englaciation   Hex/Ice        #.........   100%        5    ######.
 Bolt of Cold             Conj/Ice       #.........   100%        6    #######
 Death Channel            Necr           #.........   100%        6    #######
 Freezing Cloud           Conj/Ice/Air   #.........   100%        6    #######
 Ozocubu's Refrigeration  Ice            #.........   100%        6    #######
 Simulacrum               Ice/Necr       #.........   100%        6    #######
 Ring of Flames           Chrm/Fire      #.........   100%        7    #######


Dungeon Overview and Level Annotations

Branches:
Dungeon (12/15)            Temple (1/1) D:4            Lair (4/6) D:8
  Swamp (2/4) Lair:3       Spider (1/4) Lair:4          Orc (2/2) D:12
    Elf (0/3) Orc:2

Altars:
Ashenzari
Cheibriados
Dithmenos
Elyvilon
Fedhas
Gozag
Hepliaklqana
Kikubaaqudgha
Makhleb
Nemelex Xobeh
Okawaru
Qazlal
Ru
Sif Muna
Trog
Uskayaw
Vehumet
Wu Jian
Xom
Yredelemnul
Zin
The Shining One

Shops:
Orc:1 }   Orc:2 :*[%(

Portals:
Pandemonium: Orc:2

Annotations:
Swamp:2 Nikola


Innate Abilities, Weirdness & Mutations

You possess an exceptional clarity of mind.
You are robust. (+10% HP)
You are covered in fur. (AC +1)
You are weak. (Str -2)
Your spells are a little harder to cast, but a little more powerful.


Message History

The entropy weaver misses you.
You slash the entropy weaver! You freeze the entropy weaver.
You kill the entropy weaver!
You are too berserk!
You slash the entropy weaver! You freeze the entropy weaver.
The entropy weaver is moderately wounded.
You slash the entropy weaver! You freeze the entropy weaver.
The entropy weaver is moderately wounded.
You block the entropy weaver's attack. x2; The entropy weaver hits you!
* * * LOW HITPOINT WARNING * * *
You block the entropy weaver's attack.
You hit the entropy weaver but do no damage.
The entropy weaver is moderately wounded.
You block the wolf spider's attack. The wolf spider bites you.
* * * LOW HITPOINT WARNING * * *
Unknown command.
You hit the entropy weaver but do no damage.
The entropy weaver is moderately wounded.
The entropy weaver hits you!
You die...

.....#. ....#....
............
#.%.........##
...........#.#
............^#
#..#.........# ###
##...#.......###@##
.#.^........s..#sa##
.........#......s..##
†....s...........s..#
##.......(.........##
^#...........#.....#
.#.#...............#
.#...............###
##........#.....##


You could see an entropy weaver, a wolf spider, an orb spider and a redback.

Vanquished Creatures
  Saint Roka (Orc:2)
  Rupert (Orc:2)
  A frost giant (IceCv)
  An orc warlord (Orc:2)
  An entropy weaver (Spider:1)
  A stone giant (Orc:2)
  An ettin (Orc:2)
  Harold (Lair:2)
  3 hydras
  4 alligators
  A death yak (IceCv)
  A two-headed ogre (Orc:1)
  5 orc high priests (Orc:2)
  A deep elf knight (Orc:2)
  A sun demon (Orc:2)
  An infernal demonspawn (Orc:2)
  A gelid demonspawn (Orc:2)
  An unseen horror (D:10)
  A swamp dragon (Swamp:1)
  A shambling mangrove (Swamp:1)
  An ugly thing (D:12)
  6 orc knights (Orc:2)
  2 wolf spiders (Spider:1)
  11 orc sorcerers
  A cyclops (D:12)
  A manticore (D:11)
  2 oklob plants (Lair:1)
  5 deep elf magi (Orc:2)
  6 elephants (Lair:3)
  Maurice (Orc:2)
  An ice statue (IceCv)
  A smoke demon (Orc:2)
  A black mamba (Lair:2)
  5 torpor snails (Lair:3)
  8 spiny frogs
  A gargoyle (D:11)
  7 komodo dragons
  3 kobold demonologists (D:12)
  2 rime drakes (IceCv)
  2 hellwings (Orc:2)
  4 tyrant leeches (Swamp:1)
  4 hornets
  14 polar bears
  Grinder (D:3)
  3 trolls
  3 bog bodies (Lair:3)
  4 slime creatures (D:12)
  9 hippogriffs
  A spriggan (Swamp:1)
  Sigmund (D:6)
  3 redbacks
  2 tarantellas (Spider:1)
  3 hogs (D:7)
  A human (D:7)
  57 yaks
  2 hungry ghosts
  2 basilisks
  9 vampire mosquitoes
  3 swamp worms
  6 water moccasins
  A swamp drake (Swamp:1)
  4 porcupines
  4 black bears
  36 orc warriors
  9 ice beasts
  3 sky beasts
  A phantom (D:5)
  A necrophage (D:11)
  15 ogres
  An eye of draining (D:11)
  7 crocodiles
  17 wolves
  4 centaurs
  2 big kobolds
  Blork the orc (D:4)
  15 bullfrogs
  A gnoll sergeant (D:7)
  2 wyvern skeletons
  5 killer bees (D:7)
  The ghost of ThePrince the Skirmisher, a weakling CeMo (D:3)
  2 scorpions
  A troll zombie (Ossuary)
  3 wights (D:12)
  5 howler monkeys
  4 electric eels
  A spectral bullfrog (D:10)
  8 crimson imps
  4 centaur zombies
  A bullfrog zombie (D:10)
  5 hounds
  4 bullfrog skeletons
  33 orc priests
  18 orc wizards
  Crazy Yiuf (D:6)
  Natasha (thrice) (D:4)
  5 centaur skeletons
  7 iguanas
  4 hell rats (Lair:2)
  9 worker ants
  2 big kobold zombies (Ossuary)
  An ogre zombie (Ossuary)
  A hound zombie (D:7)
  7 mummies (Ossuary)
  2 howler monkey zombies
  Robin (D:4)
  2 worker ant zombies
  7 gnolls
  A howler monkey skeleton (D:10)
  12 adders
  A shadow imp (D:9)
  An ooze (D:5)
  2 adder zombies
  3 adder skeletons
  A worm (D:2)
  2 dart slugs
  9 leopard geckos
  89 orcs
  8 bats
  4 giant cockroaches
  10 goblins
  6 hobgoblins
  11 jackals
  13 kobolds
  4 quokkas
  3 ball pythons
  4 frilled lizards
  5 goblin zombies (Ossuary)
  5 hobgoblin zombies (Ossuary)
  2 jackal zombies (D:5)
  5 kobold zombies (Ossuary)
  A leopard gecko skeleton (D:4)
  2 leopard gecko zombies (D:6)
  A quokka skeleton (D:6)
  4 quokka zombies (Ossuary)
  5 rats
  3 rat zombies (Ossuary)
  A butterfly (Lair:2)
  A plant (Lair:1)
718 creatures vanquished.

Vanquished Creatures (others)
  A yak (IceCv)
  A bullfrog (D:3)
  An orc priest (Orc:2)
  An orc (D:3)
  A kobold (D:3)
  A fungus (Lair:4)
6 creatures vanquished.

Grand Total: 724 creatures vanquished

Notes
Turn   | Place    | Note
-------+----------+-------------------------------------------
     0 | D:1      | harcile the Hill Orc Fighter began the quest for the Orb.
     0 | D:1      | Reached XP level 1. HP: 19/19 MP: 1/1
    82 | D:1      | Reached XP level 2. HP: 19/27 MP: 2/2
   280 | D:1      | Reached skill level 4 in Fighting
   591 | D:2      | Reached XP level 3. HP: 30/33 MP: 3/3
   883 | D:2      | Reached XP level 4. HP: 35/40 MP: 4/4
   936 | D:3      | Found a radiant altar of Vehumet.
  1185 | D:3      | Killed a bullfrog
  1252 | D:3      | Found a runed gate.
  1252 | D:3      | Found a runed gate.
  1253 | D:3      | Found a runed gate.
  1256 | D:3      | Noticed ThePrince's ghost (weakling CeMo)
  1336 | D:3      | Noticed Grinder
  1348 | D:3      | Paralysed by Grinder for 6 turns
  1963 | D:4      | Reached XP level 5. HP: 46/46 MP: 5/5
  2034 | D:4      | Noticed Natasha
  2049 | D:4      | Killed Natasha
  2059 | D:4      | Noticed Natasha
  2079 | D:4      | Killed Natasha
  2281 | D:4      | Noticed Blork the orc
  2312 | D:4      | Reached XP level 6. HP: 49/52 MP: 6/6
  2457 | D:3      | Paralysed by Grinder for 3 turns
  2463 | D:3      | Killed Grinder
  2463 | D:3      | Reached skill level 5 in Long Blades
  2463 | D:3      | Reached skill level 1 in Dodging
  2463 | D:3      | Reached XP level 7. HP: 23/60 MP: 7/7
  2663 | D:3      | Killed ThePrince's ghost
  2663 | D:3      | Reached skill level 5 in Shields
  2766 | D:4      | Killed Blork the orc
  2997 | D:4      | Found a staircase to the Ecumenical Temple.
  3244 | D:4      | Noticed Robin
  3262 | D:4      | Killed Robin
  3380 | D:4      | Noticed Natasha
  3389 | D:4      | Killed Natasha
  3448 | D:5      | Entered Level 5 of the Dungeon
  3629 | D:5      | Reached skill level 5 in Fighting
  3629 | D:5      | Reached skill level 5 in Armour
  3836 | D:5      | Reached XP level 8. HP: 48/68 MP: 8/8
  3951 | Temple   | Entered the Ecumenical Temple
  3968 | Temple   | Became a worshipper of the Shining One
  4859 | D:6      | Got a spiked ring mail
  4865 | D:6      | Noticed Sigmund
  4949 | D:6      | Found a sand-covered staircase.
  4955 | Ossuary  | Entered an ossuary
  5124 | Ossuary  | Reached * piety under the Shining One
  5240 | Ossuary  | Reached ** piety under the Shining One
  5269 | Ossuary  | HP: 2/69 [troll zombie (9)]
  5269 | Ossuary  | The Shining One protects you from harm!
  5738 | Ossuary  | Reached *** piety under the Shining One
  5817 | D:6      | Identified the +5 ring mail "Bissilui" {+Inv rElec rF-
                  | Str-2} (You found it on level 6 of the Dungeon)
  5881 | D:6      | Reached skill level 6 in Fighting
  6025 | D:6      | Reached XP level 9. HP: 45/75 MP: 9/9
  6350 | D:6      | Killed Sigmund
  6723 | D:6      | Found a runed door.
  6727 | D:6      | Noticed Crazy Yiuf
  6734 | D:6      | Killed Crazy Yiuf
  6844 | D:7      | Reached **** piety under the Shining One
  7038 | D:7      | Reached skill level 7 in Fighting
  7048 | D:7      | Reached skill level 10 in Long Blades
  7404 | D:7      | Reached XP level 10. HP: 73/86 MP: 10/10
  7461 | D:7      | Got a shimmering cloak
  7472 | D:7      | Identified the +1 cloak "Roicozxy" {MR+ Dex+2} (You found
                  | it on level 7 of the Dungeon)
  8156 | D:8      | Found a staircase to the Lair.
  9012 | D:9      | Reached skill level 8 in Fighting
  9289 | D:9      | Got a transparent ring mail
  9300 | D:9      | Identified the +7 ring mail "Usoy" {rN+ MR- Dex+2 Slay+3}
                  | (You found it on level 9 of the Dungeon)
  9534 | D:9      | You fall through a shaft!
  9534 | D:10     | Entered Level 10 of the Dungeon
  9942 | D:10     | Reached skill level 9 in Fighting
  9950 | D:10     | Reached XP level 11. HP: 77/97 MP: 11/11
 10088 | D:10     | Found a shattered altar of Ashenzari.
 10164 | D:10     | Noticed an unseen horror
 10167 | D:10     | Killed an unseen horror
 10187 | D:10     | Reached ***** piety under the Shining One
 10403 | D:10     | Got a crystal great mace
 10632 | D:11     | Found a hazy altar of Hepliaklqana.
 10657 | D:11     | Noticed a manticore
 10668 | D:11     | Killed a manticore
 11424 | D:11     | Reached skill level 1 in Stealth
 11624 | D:11     | Reached skill level 10 in Fighting
 11794 | D:11     | Got a fine long sword
 11797 | D:11     | Identified the +5 long sword of Regicide {freeze, rN+
                  | Int+3} (You found it on level 11 of the Dungeon)
 11824 | D:11     | Identified the +10 great mace of Odibuwuf {speed, MP+9}
                  | (You found it on level 10 of the Dungeon)
 11954 | D:12     | Noticed a cyclops
 11962 | D:12     | Killed a cyclops
 12451 | D:12     | Found a deep blue altar of Sif Muna.
 12508 | D:12     | Reached XP level 12. HP: 103/106 MP: 12/12
 12678 | D:12     | Found a staircase to the Orcish Mines.
 13167 | D:12     | Reached skill level 11 in Fighting
 13290 | Orc:1    | Entered Level 1 of the Orcish Mines
 13298 | Orc:1    | Found Utint's Gadget Shop.
 13318 | Orc:1    | Noticed a two-headed ogre
 13329 | Orc:1    | Killed a two-headed ogre
 13550 | Orc:1    | Found an iron altar of Okawaru.
 14006 | Orc:2    | Entered Level 2 of the Orcish Mines
 14067 | Orc:2    | Noticed Rupert
 14081 | Orc:2    | Killed Rupert
 14081 | Orc:2    | Reached skill level 5 in Dodging
 14156 | Orc:2    | Reached ****** piety under the Shining One
 14316 | Orc:2    | Noticed Maurice
 14332 | Orc:2    | Killed Maurice
 14332 | Orc:2    | Noticed Saint Roka
 14740 | Lair:1   | Entered Level 1 of the Lair of Beasts
 15052 | Lair:1   | Reached skill level 12 in Fighting
 15163 | Lair:1   | Reached XP level 13. HP: 117/117 MP: 13/13
 15610 | Lair:1   | Gained mutation: You are dopey. (Int -2) [potion of
                  | mutation]
 15610 | Lair:1   | Gained mutation: You are weak. (Str -2) [potion of
                  | mutation]
 15610 | Lair:1   | Gained mutation: Your spells are a little harder to cast,
                  | but a little more powerful. [potion of mutation]
 15611 | Lair:1   | Lost mutation: You are dopey. (Int -2) [potion of mutation]
 15611 | Lair:1   | Lost mutation: You are weak. (Str -2) [potion of mutation]
 15611 | Lair:1   | Gained mutation: You are robust. (+10% HP) [potion of
                  | mutation]
 15611 | Lair:1   | Gained mutation: You possess an exceptional clarity of
                  | mind. [potion of mutation]
 15611 | Lair:1   | Gained mutation: You are covered in fur. (AC +1) [potion of
                  | mutation]
 15705 | Lair:2   | Reached skill level 10 in Shields
 16190 | Lair:2   | Noticed Harold
 16206 | Lair:2   | Killed Harold
 16206 | Lair:2   | Reached skill level 13 in Fighting
 16752 | Lair:3   | Reached skill level 15 in Long Blades
 16849 | Lair:3   | Found a snail-covered altar of Cheibriados.
 16879 | Lair:3   | Reached skill level 14 in Fighting
 17231 | Lair:3   | Found a staircase to the Swamp.
 17509 | Lair:4   | Found a hole to the Spider Nest.
 17524 | Lair:4   | Found a frozen archway.
 17540 | Lair:4   | Reached skill level 1 in Axes
 17572 | IceCv    | Entered an ice cave
 18149 | IceCv    | Reached XP level 14. HP: 116/146 MP: 14/14
 18226 | IceCv    | Reached skill level 15 in Fighting
 18300 | IceCv    | Reached skill level 10 in Armour
 18300 | IceCv    | Reached skill level 1 in Evocations
 18659 | IceCv    | Noticed a frost giant
 18684 | IceCv    | The Shining One protects you from harm!
 18688 | IceCv    | HP: 4/148 [frost giant/bolt of cold (33)]
 18689 | IceCv    | Killed a frost giant
 20076 | Lair:1   | Identified 3 scrolls of acquirement
 20097 | Lair:1   | Got a bound brass amulet
 20098 | Lair:1   | Identified the amulet "Udeon Begho" {Spirit +Blink rC++
                  | Str-2} (You acquired it on level 1 of the Lair of Beasts)
 20230 | Swamp:1  | Entered Level 1 of the Swamp
 20275 | Swamp:1  | Reached skill level 16 in Fighting
 21558 | Swamp:2  | Noticed Nikola
 22337 | Orc:2    | Found a staircase to the Elven Halls.
 22353 | Orc:2    | Reached skill level 17 in Fighting
 22358 | Orc:2    | Paralysed by an orc sorcerer for 7 turns
 22374 | Orc:2    | Noticed a stone giant
 22386 | Orc:2    | Found Fuattudgh's Antique Weapon Shoppe.
 22389 | Orc:2    | Gained mutation: You are weak. (Str -2) [a neqoxec]
 22745 | Orc:2    | HP: 1/154 [Saint Roka/divine providence (12)]
 22747 | Orc:2    | Killed Saint Roka
 22747 | Orc:2    | Reached skill level 5 in Evocations
 22747 | Orc:2    | Reached XP level 15. HP: 29/161 MP: 16/18
 23209 | Orc:2    | Bought a shimmering great sword for 322 gold pieces
 23215 | Orc:2    | Identified the +10 great sword of the Eel {slice, *Rage
                  | +Rage rElec MR+} (You bought it in a shop on level 2 of the
                  | Orcish Mines)
 23332 | Orc:2    | Noticed an orc warlord
 23340 | Orc:2    | Killed an orc warlord
 23457 | Orc:2    | Found Poruatha's Food Shop.
 23560 | Orc:2    | Found Vudwiur's General Store.
 23648 | Orc:2    | Reached skill level 5 in Axes
 23669 | Orc:2    | Bought 2 scrolls of enchant weapon for 240 gold pieces
 23669 | Orc:2    | Bought a potion of berserk rage for 80 gold pieces
 23912 | Orc:2    | Paralysed by an orc sorcerer for 3 turns
 23999 | Orc:2    | Reached skill level 18 in Fighting
 24005 | Orc:2    | Paralysed by an orc sorcerer for 5 turns
 24015 | Orc:2    | Paralysed by an orc sorcerer for 6 turns
 24449 | Orc:2    | Found Yplicitt's Antique Armour Emporium.
 24449 | Orc:2    | Found Jaufap's Book Shoppe.
 24449 | Orc:2    | Found a one-way gate leading to the halls of Pandemonium.
 25510 | Spider:1 | Entered Level 1 of the Spider Nest
 25609 | Spider:1 | HP: 6/244 [entropy weaver (12)]
 25610 | Spider:1 | HP: 1/244 [wolf spider (5)]
 25611 | Spider:1 | Mangled by an entropy weaver

Skill      XL: |  1  2  3  4  5  6  7  8  9 10 11 12 13 14 15 |
---------------+----------------------------------------------+-----
Fighting       | 4 5 6 7 9 10 12 14 17 18 | 18.1
Long Blades    | 3 4 5 6 8 10 11 13 14 15 16 | 16.8
Armour         | 4 5 6 7 8 9 10 11 | 11.0
Shields        | 4 5 6 7 8 9 11 12 | 12.0
Dodging        | 1 2 3 4 5 6 |  6.0
Stealth        | 1 2 |  2.0
Axes           | 1 3 5 |  5.3
Evocations     | 5 6 |  6.5

Action                   |  1- 3 |  4- 6 |  7- 9 | 10-12 | 13-15 || total
-------------------------+-------+-------+-------+-------+-------++-------
Melee: Long sword        |    91 |   155 |   541 |   358 |  1069 ||  2214
       Scimitar          |       |       |       |   369 |       ||   369
       Hand axe          |       |       |       |       |    22 ||    22
       War axe           |       |       |       |       |    19 ||    19
       Great sword       |       |       |       |       |    17 ||    17
Invok: Divine Shield     |       |       |       |       |     1 ||     1
  Use: Potion            |       |     4 |     1 |     3 |    10 ||    18
       Scroll            |       |       |    11 |    14 |    13 ||    38
  Eat: Chunk             |       |     5 |    14 |    13 |    36 ||    68
       Ration            |       |       |     1 |     4 |     1 ||     6
Armor: Scale mail        |    47 |    81 |   179 |    51 |       ||   358
       Ring mail         |       |       |       |   150 |   317 ||   467
Dodge: Dodged            |    27 |    47 |   169 |   287 |   456 ||   986
Block: Shield            |    49 |    81 |   164 |       |       ||   294
       Buckler           |       |       |    60 |   244 |   230 ||   534
       Large shield      |       |       |       |       |   448 ||   448
       Rpst.: Long sword |     6 |    15 |    64 |    35 |    91 ||   211
       Scimitar          |       |       |       |    38 |       ||    38
       Great sword       |       |       |       |       |     1 ||     1
